Map: Orbital Shipyard

Players

LilDicky

  • Race: Terran Terran
  • League: Diamond

MeemoSaan - Winner!

  • Race: Terran Terran
  • League: Diamond

VOD

http://www.twitch.tv/tumescentpie

Description

Time

  • Played on: Dec. 6, 2015, 9:35 p.m.
  • Length: 18:04
Show
View Real Time Build Order
Export as new Build Order

LilDicky Terran 

Build Orders: Mech, Banshee Rush 

Get SALT Encoding   

  12  0:02  SCV  
  14  0:14  SCV  
  14  0:19  Supply Depot  
  14  0:26  SCV  
  15  0:30  Refinery  
  15  0:40  SCV  
  16  0:45  Barracks  
  16  0:52  SCV  
  17  1:05  SCV  
  18  1:17  SCV  
  19  1:32  Orbital Command  
  19  1:33  Reaper  
  19  1:36  Supply Depot  
  20  1:53  Refinery  
  20  1:55  Factory  
  20  2:03  SCV  
  20  2:06  Marine  
  21  2:18  SCV  
  22  2:29  Marine  
  23  2:45  Factory Tech Lab  
  23  2:46  SCV, Starport  
  24  2:54  Command Center  
  24  2:58  SCV, Marine  
  26  3:10  SCV  
  26  3:11  Supply Depot  
  27  3:22  Refinery  
  28  3:28  Banshee  
  28  3:29  Cloaking Field  
  28  3:33  SCV, Marine  
  32  3:37  Hellion  
  34  3:44  Supply Depot  
  34  3:50  SCV, Engineering Bay  
  34  4:04  Widow Mine  
  34  4:06  SCV  
  37  4:11  Banshee  
  37  4:15  Orbital Command  
  40  4:21  SCV  
  40  4:23  Missile Turret, Marine  
  42  4:33  SCV  
  37  4:39  Hellion  
  37  4:45  SCV  
  37  4:59  SCV  
  38  5:01  Banshee  
  38  5:02  Factory Tech Lab  
  41  5:22  Siege Tank  
  41  5:24  Marine  
  41  5:26  SCV  
  41  5:27  SCV  
  44  5:50  Marine  
  44  5:55  Siege Tank  
  42  6:19  Banshee  
  42  6:20  SCV  
  42  6:21  Marine  
  42  6:22  Command Center  
  42  6:25  Command Center  
  47  6:26  SCV  
  47  6:31  Siege Tank  
  47  6:32  SCV  
  52  6:38  SCV  
  53  6:46  SCV  
  51  6:47  Marine  
  51  6:50  SCV  
  53  6:58  SCV  
  53  6:59  Factory  
  53  7:00  Factory, Refinery  
  54  7:02  SCV  
  54  7:06  Hi-Sec Auto Tracking  
  55  7:10  SCV  
  55  7:14  SCV  
  57  7:18  Marine  
  57  7:19  Siege Tank  
  57  7:22  SCV  
  62  7:33  SCV  
  62  7:34  Supply Depot, Banshee, SCV  
  62  7:36  Supply Depot, Marine  
  68  7:45  SCV  
  68  7:46  SCV  
  70  7:57  SCV  
  71  7:58  SCV, Orbital Command  
  71  8:02  Supply Depot  
  71  8:03  Factory Reactor, Missile Turret  
  71  8:04  Factory Reactor  
  71  8:05  Missile Turret  
  72  8:11  Missile Turret  
  72  8:12  Planetary Fortress  
  72  8:16  Missile Turret  
  72  8:19  Missile Turret  
  72  8:23  Missile Turret  
  72  8:24  Siege Tank  
  75  8:29  SCV x2  
  77  8:39  SCV  
  77  8:40  Missile Turret  
  78  8:42  Banshee  
  78  8:43  SCV  
  82  8:56  Siege Tank  
  85  9:04  SCV  
  85  9:05  SCV x3  
  89  9:15  Refinery  
  89  9:16  Hellion x2  
  89  9:17  SCV x3, Hellion x2, Refinery  
  99  9:18  Infernal Pre-Igniter  
  100  9:27  Command Center  
  100  9:28  SCV, Marine  
  100  9:29  SCV  
  100  9:30  Sensor Tower  
  103  9:32  Missile Turret  
  103  9:34  Siege Tank  
  103  9:37  Widow Mine x2  
  109  9:39  Hellion  
  109  9:40  Hellion  
  109  9:45  Armory  
  113  9:47  SCV  
  113  9:48  SCV, Armory  
  106  10:22  Hellion, Widow Mine x3  
  106  10:23  Hellion  
  116  10:43  Missile Turret  
  116  10:48  Hellion x2, Missile Turret  
  116  10:49  SCV  
  121  10:51  Hellion, Siege Tank  
  121  10:52  Viking  
  128  10:57  Terran Vehicle And Ship Armor Level 1, Terran Vehicle Weapons Level 1  
  128  10:58  SCV, Starport  
  128  11:01  Planetary Fortress  
  129  11:06  Hellion  
  129  11:09  Hellion  
  133  11:16  Starport  
  133  11:17  Command Center  
  128  11:24  Siege Tank  
  98  11:53  Widow Mine  
  98  11:54  Widow Mine  
  96  11:55  Widow Mine  
  102  12:03  Hellion, Siege Tank  
  102  12:04  Starport Reactor  
  102  12:08  Missile Turret  
  107  12:09  SCV  
  107  12:15  Starport Reactor  
  108  12:21  SCV  
  108  12:22  Banshee  
  112  12:23  SCV x4, Hellion  
  112  12:26  Hellion  
  112  12:27  Hellion x2  
  124  12:33  SCV  
  124  12:35  SCV x2, Hellion  
  129  12:38  Orbital Command  
  129  12:44  Hellion  
  129  12:45  SCV  
  129  12:48  Hellion  
  129  12:49  Factory  
  129  12:50  Command Center  
  134  12:52  Factory x2  
  134  12:53  Viking x3  
  134  12:54  Viking  
  134  12:58  SCV  
  143  13:05  Viking  
  137  13:23  Hellion x4  
  145  13:27  Viking x2  
  146  13:40  Hellion  
  146  13:44  Viking  
  146  13:49  Viking  
  145  14:11  Banshee  
  145  14:12  Hellion  
  140  14:24  Supply Depot  
  140  14:25  Supply Depot  
  140  14:26  Supply Depot  
  140  14:28  Supply Depot x2  
  131  14:42  SCV  
  127  14:47  Hellion x2, Viking x2  
  127  14:48  Hellion x5, Viking x2  
  149  14:54  Banshee  
  149  14:59  Hellion  
  148  15:08  Hellion  
  148  15:11  Command Center  
  148  15:12  Factory Tech Lab x3  
  148  15:13  Command Center  
  150  15:16  Thor  
  150  15:17  Terran Vehicle And Ship Armor Level 2, Viking x4  
  155  15:37  Banshee  
  156  15:47  Viking x4  
  146  15:58  Thor  
  146  16:13  Thor, Hellion x2, Siege Tank x2  
  146  16:17  Viking x2  
  162  16:41  Thor  
  162  16:45  Thor  
  163  16:49  Thor  
  160  17:03  Viking x3  
Show
View Real Time Build Order
Export as new Build Order

MeemoSaan Terran - Winner!

Build Orders:  

Get SALT Encoding   

  12  0:01  SCV  
  13  0:13  SCV  
  14  0:17  Supply Depot  
  14  0:25  SCV  
  15  0:39  SCV  
  15  0:40  Barracks  
  16  0:49  Refinery  
  16  0:51  SCV  
  17  1:03  SCV  
  18  1:09  Supply Depot  
  18  1:15  SCV  
  19  1:28  Orbital Command  
  19  1:29  Barracks  
  19  1:34  Reaper  
  20  1:53  SCV  
  21  2:03  Command Center  
  21  2:12  Barracks Reactor  
  21  2:16  Barracks Reactor  
  21  2:19  Refinery  
  21  2:20  Barracks  
  21  2:24  SCV  
  22  2:41  SCV  
  23  2:46  Supply Depot  
  23  2:50  Reaper x2  
  25  2:52  Marine x2  
  25  2:53  SCV  
  28  3:06  SCV  
  28  3:11  Barracks Tech Lab  
  29  3:14  Reaper x2  
  29  3:19  SCV  
  33  3:20  Orbital Command  
  33  3:25  Supply Depot  
  32  3:29  Marine x2  
  32  3:31  Stimpack  
  32  3:34  SCV  
  35  3:35  Marine  
  36  3:45  SCV  
  36  3:46  SCV, Marine x2  
  40  3:57  SCV  
  41  4:03  Marine x3  
  41  4:07  Supply Depot  
  44  4:10  Marine x2  
  44  4:11  Engineering Bay  
  44  4:12  SCV x2  
  48  4:24  SCV x2  
  50  4:32  Supply Depot  
  50  4:36  SCV x2  
  50  4:47  Missile Turret  
  50  4:48  Missile Turret  
  50  4:51  Marine x3  
  50  4:53  Marine x2  
  50  4:55  SCV x2  
  50  4:59  Terran Infantry Weapons Level 1  
  54  5:00  Supply Depot  
  54  5:03  Factory  
  54  5:12  Marine x4  
  57  5:24  Marine  
  57  5:26  SCV x2  
  60  5:29  Marine x2  
  60  5:30  Marine  
  60  5:32  Barracks x2  
  60  5:34  Supply Depot  
  63  5:38  SCV x2  
  64  5:46  Missile Turret  
  63  5:54  Marine x4  
  67  6:06  Marine  
  64  6:12  Marine x3  
  64  6:18  Marine  
  55  6:19  Factory Tech Lab  
  55  6:21  Barracks Reactor  
  55  6:24  Marine  
  56  6:27  Barracks Reactor  
  56  6:29  SCV x2  
  56  6:32  Refinery  
  58  6:34  Command Center  
  58  6:35  Supply Depot  
  58  6:39  Missile Turret  
  58  6:41  SCV  
  58  6:44  Supply Depot  
  58  6:45  SCV  
  60  6:49  Marine x4  
  60  6:50  Missile Turret  
  60  6:51  Barracks Reactor, Siege Tank  
  60  6:53  SCV  
  68  6:59  SCV  
  69  7:03  Supply Depot  
  69  7:05  SCV  
  69  7:08  Supply Depot  
  70  7:10  Marine x2  
  70  7:11  Missile Turret, Marine  
  70  7:12  Marine  
  74  7:16  Terran Infantry Armor Level 1  
  74  7:24  Starport  
  74  7:26  Siege Tank  
  77  7:32  SCV x2  
  79  7:39  Refinery  
  79  7:40  Supply Depot  
  79  7:44  SCV  
  79  7:46  Supply Depot  
  80  7:52  Armory  
  80  7:56  Orbital Command  
  80  8:02  Missile Turret, Starport Reactor  
  80  8:12  Siege Tank  
  83  8:13  SCV x2  
  83  8:15  Barracks Reactor  
  85  8:20  Supply Depot  
  85  8:21  Medivac x2  
  85  8:22  Supply Depot  
  85  8:23  Marine x3  
  85  8:25  SCV  
  85  8:26  SCV x2  
  95  8:32  Marine x3  
  95  8:33  Marine  
  99  8:40  Engineering Bay  
  99  8:42  Terran Vehicle Weapons Level 1  
  99  8:44  SCV x3  
  99  8:46  Refinery  
  102  8:50  Marine x3  
  102  8:51  Viking x2, Marine x3  
  102  8:54  Marine x2  
  114  8:55  Marine  
  114  8:56  Marine  
  114  8:58  SCV x2  
  114  8:59  SCV  
  122  9:02  Siege Tank  
  122  9:10  Terran Infantry Weapons Level 2  
  122  9:21  Command Center, Medivac x2  
  122  9:23  Refinery  
  126  9:25  Terran Infantry Armor Level 2  
  126  9:32  Marine x2  
  126  9:33  Marine x4  
  132  9:39  Marine  
  132  9:40  Marine x2  
  132  9:41  Siege Tank  
  132  9:43  SCV x3  
  141  9:52  Marine x4  
  145  9:56  Marine x2  
  145  9:57  Marine  
  145  9:59  Viking x2  
  152  10:07  SCV x2  
  154  10:09  Starport  
  147  10:37  Marine x5  
  147  10:38  Marine  
  147  10:41  Siege Tank  
  147  10:42  Viking x2  
  160  10:43  Marine x4  
  160  10:46  Supply Depot  
  160  10:47  Supply Depot  
  164  10:58  Marine  
  164  10:59  Marine x5  
  164  11:00  Barracks x2  
  164  11:01  Marine  
  168  11:22  Marine x7  
  168  11:23  Marine x2  
  170  11:50  Marine  
  170  11:51  Marine x7  
  170  11:53  Starport Reactor  
  170  11:54  Viking x2, Terran Infantry Weapons Level 3  
  180  11:55  Terran Infantry Armor Level 3  
  180  11:56  Terran Ship Weapons Level 1  
  180  11:57  Planetary Fortress  
  182  12:08  Refinery  
  182  12:10  Marine  
  182  12:11  Missile Turret, Marine x3  
  182  12:12  Missile Turret x2  
  186  12:24  Viking x2  
  190  12:30  Marine x3  
  190  12:31  Marine x2  
  190  12:32  Barracks Reactor  
  190  12:33  Barracks Reactor  
  190  12:35  Viking, Siege Tank  
  200  12:59  Command Center  
  182  13:51  Viking x4  
  190  13:56  Marine x6  
  190  13:57  Marine  
  159  14:57  Viking  
  159  14:58  Viking x2  
  163  15:05  Viking, Marine  
  163  15:06  Marine x6  
  163  15:07  Marine x2  
  172  15:08  Siege Tank  
  172  15:13  Factory  
  177  15:14  Factory  
  177  15:15  Fusion Core  
  177  15:16  Starport  
  177  15:19  Starport  
  177  15:27  Viking x2  
  169  15:39  Viking x2  
  169  15:40  Siege Tank  
  171  15:57  Viking x2  
  173  16:05  Starport Tech Lab  
  164  16:20  Viking x2  
  164  16:23  Starport Tech Lab  
  164  16:25  Battlecruiser, Marine x2  
  174  16:26  Marine x4  
  167  17:06  Marine x4  
  167  17:07  Marine x7  
  167  17:08  Marine x2  
  180  17:11  Factory Tech Lab x2  
  180  17:13  Planetary Fortress  
  180  17:14  SCV  
  180  17:15  SCV x2  
  189  17:17  Refinery  
  187  17:27  Command Center, Refinery  
  187  17:29  Command Center  
  189  17:32  Refinery  
Tags
 
Add a new tag
Caveats
  • Supply blocks, unpowered buildings, or Contaminate may cause inaccurate times.
  • Supply counts are checked every 10 seconds.